 Dungeon Crawl Stone Soup version 0.29-a0-1027-gcd8c55af63 (webtiles) character file.

Game seed: 18189539494279620230

883 greenreed the Basher (level 7, -1/61 HPs)
             Began as a Minotaur Monk on Aug 13, 2022.
             Slain by a gnoll
             ... wielding a +0 spear
             ... led by a gnoll sergeant
              (3 damage)
             ... on level 4 of the Dungeon.
             The game lasted 00:11:21 (5005 turns).

greenreed the Basher (Minotaur Monk)                Turns: 5005, Time: 00:11:22

Health: -1/61      AC:  7    Str: 18    XL:     7   Next: 76%
Magic:  6/6        EV: 11    Int:  7    God:
Gold:   202        SH:  0    Dex: 12    Spells: 6/6 levels left

rFire   . . .      SeeInvis .   x - +0 flail
rCold   . . .      Faith    +   (no shield)
rNeg    . . .      Spirit   .   d - +0 scale mail
rPois   .          Reflect  .   (helmet restricted)
rElec   .          Harm     .   (no cloak)
rCorr   .          Rampage  .   (no gloves)
Will    +....                   (no boots)
Stlth   ..........              u - amulet of faith
HPRegen 0.20/turn               p - ring of willpower
MPRegen 0.10/turn               (no ring)

@: confused, lethally poisoned (-1 -> -12), ambrosia-drunk
A: horns 2, retaliatory headbutt
a: no special abilities


You were on level 4 of the Dungeon.
You visited 1 branch of the dungeon, and saw 6 of its levels.

You collected 202 gold pieces.

Inventory:

Hand Weapons
 a - a +0 mace
 x - a +0 flail (weapon)
Missiles
 l - 11 poisoned darts (quivered)
 w - 8 boomerangs of dispersal
 y - 2 silver boomerangs
Armour
 b - a +0 robe
 d - a +0 scale mail (worn)
Jewellery
 p - a ring of willpower (left hand)
 u - an amulet of faith (around neck)
 v - a ring of magical power
Scrolls
 g - 2 scrolls of brand weapon
 i - a scroll of blinking
 j - 2 scrolls of noise
 m - a scroll of teleportation {unknown}
 r - a scroll of vulnerability {unknown}
 s - 2 scrolls of magic mapping {unknown}
 B - a scroll of poison {unknown}
 C - a scroll of enchant armour {unknown}
Potions
 e - 4 potions of mutation
 f - 2 potions of resistance
 k - 3 potions of might
 n - 2 potions of attraction
 o - 2 potions of haste
 q - 3 potions of magic
 t - a potion of curing {unknown}
 z - a potion of brilliance {unknown}
 D - a potion of lignification {unknown}


   Skills:
 + Level 5.3 Fighting
 + Level 8.0 Maces & Flails
 + Level 1.0 Throwing
 + Level 4.9 Armour
 + Level 4.8 Dodging
 + Level 1.8 Stealth


You had 6 spell levels left.
You didn't know any spells.
Your spell library contained the following spells:

 Spells                   Type           Power      Damage    Failure   Level
 Freeze                   Ice            0%         1d3       80%         1
 Blink                    Tloc           0%         N/A       91%         2
 Frozen Ramparts          Ice            0%         1d1       99%         3
 Inner Flame              Hex/Fire       0%         N/A       99%         3
 Cause Fear               Hex            0%         N/A       100%        4
 Hailstorm                Conj/Ice       0%         3d3       100%        4
 Manifold Assault         Tloc           0%         N/A       100%        5
 Storm Form               Tmut/Air       0%         N/A       100%        7
 Discord                  Hex            0%         N/A       100%        8


Dungeon Overview and Level Annotations

Branches:
Dungeon (6/15)
 Temple: D:4-7

Altars:

Shops:
D:4 [


Innate Abilities, Weirdness & Mutations

You have a pair of horns on your head.
You reflexively headbutt those who attack you in melee.


Message History

You feel very sick.
The gnoll sergeant hits you with a +6 spear of venom.
You are more poisoned.
You hit the gnoll sergeant. You headbutt the gnoll sergeant.
The gnoll sergeant is almost dead.
You feel very sick. The gnoll sergeant barely misses you.
You hit the gnoll sergeant but do no damage.
You headbutt the gnoll sergeant, but do no damage.
The gnoll sergeant is almost dead.
You feel very sick.
The gnoll sergeant hits you with a +6 spear of venom!
You are more poisoned.
You are too injured to fight recklessly!
You closely miss the gnoll sergeant.
The gnoll sergeant is almost dead.
You feel very sick.
The gnoll sergeant hits you with a +6 spear of venom.
* * * LOW HITPOINT WARNING * * *
You are more poisoned.
You sock the gnoll sergeant!
You kill the gnoll sergeant!
* * * LOW HITPOINT WARNING * * *
You feel very sick.
Your Maces & Flails skill increases to level 8!
* * * LOW HITPOINT WARNING * * *
You feel very sick.
You are confused.
You feel invigorated.
* * * LOW HITPOINT WARNING * * *
You feel very sick. The gnoll hits you with a +0 flail.
* * * LOW HITPOINT WARNING * * *
The gnoll barely misses you.
You bump into the rock wall.
* * * LOW HITPOINT WARNING * * *
You feel very sick. The gnoll completely misses you.
The gnoll hits you from afar with a +0 spear.
You die...

##.....###.....###.....##..######
#.......#.......#.......##g......
#.......#.......#.......#.g......
#...)...#...[...#...)...#........
##...(.###.....###.....##.g()....
##...## ##...#####...###..>.....
##### #####..<##### #........
#.#########........
#.@gg............##
##################


You could see 2 gnolls.

Vanquished Creatures
  Sigmund (D:3)
  A phantom (D:4)
  A gnoll sergeant (D:4)
  A jelly (D:6)
  5 orc priests
  A hound (D:4)
  6 orc wizards
  2 gnolls (D:4)
  8 adders
  A shadow imp (D:5)
  An ufetubus (D:4)
  2 worms
  A dart slug (D:2)
  19 orcs
  5 endoplasms
  3 giant cockroaches
  7 goblins
  8 hobgoblins
  3 jackals
  3 quokkas
  10 ball pythons
  7 bats
  2 frilled lizards
  11 kobolds
  3 rats
  A bush (D:3)
113 creatures vanquished.

Vanquished Creatures (others)
  A fungus (D:1)
  2 plants (D:1)
3 creatures vanquished.

Grand Total: 116 creatures vanquished

Notes
Turn   | Place    | Note
-------+----------+-------------------------------------------
     0 | D:1      | greenreed the Minotaur Monk began the quest for the Orb.
     0 | D:1      | Reached XP level 1. HP: 19/19 MP: 0/0
   237 | D:1      | Found a faded altar of an unknown god.
   334 | D:1      | Reached XP level 2. HP: 27/27 MP: 1/1
   365 | D:1      | Reached skill level 4 in Maces & Flails
   556 | D:1      | Reached skill level 1 in Armour
   762 | D:2      | Reached XP level 3. HP: 25/33 MP: 2/2
  1240 | D:3      | You fall into a shaft and drop 3 floors!
  1256 | D:6      | Reached skill level 5 in Maces & Flails
  1256 | D:6      | Reached XP level 4. HP: 21/40 MP: 3/3
  1489 | D:5      | Entered Level 5 of the Dungeon
  2075 | D:5      | Reached XP level 5. HP: 46/46 MP: 4/4
  2194 | D:5      | Reached skill level 6 in Maces & Flails
  2287 | D:5      | Reached XP level 6. HP: 44/53 MP: 5/5
  3168 | D:3      | Noticed Sigmund
  3187 | D:3      | Killed Sigmund
  3188 | D:3      | Reached skill level 7 in Maces & Flails
  3188 | D:3      | Reached XP level 7. HP: 33/60 MP: 6/6
  4514 | D:4      | Found Urecyg's Armour Boutique.
  4537 | D:4      | Reached skill level 5 in Fighting
  4537 | D:4      | Reached skill level 1 in Throwing
  5003 | D:4      | Reached skill level 8 in Maces & Flails
  5004 | D:4      | HP: 3/61 [gnoll/+0 flail[a gnoll sergeant] (3)]
  5005 | D:4      | Slain by a gnoll

Illustrated notes

Levels and vault maps discovered:
D:1:      lightli_arrival_statue_moat, layout_loops_ring,
          shapermc_ecumenical_altar_mp_urbaneastern, corexii_leaking_fountain
D:2:      layout_basic
D:3:      corexii_shack_village, layout_loops_corners, serial_forest,
          infiniplex_forest_straight_4, infiniplex_forest_straight_5,
          infiniplex_forest_straight_5, infiniplex_forest_corner_1,
          infiniplex_forest_end_2, infiniplex_forest_join, uniq_sigmund
D:4:      kennysheep_six_static_rooms, layout_basic, serial_shops,
          nicolae_stop_n_shop_1
D:5:      minmay_general_purpose_star, layout_loops_ring,
          minmay_temple_entry_ruins, kennysheep_generic_room_6, uniq_grinder
D:6:      layout_gridville, serial_shops, nicolae_shop_stone

Skill      XL: |  1  2  3  4  5  6  7 |
---------------+----------------------+-----
Maces & Flails | 4 5 6 7 8 |  8.0
Armour         | 1 2 3 4 |  4.9
Fighting       | 4 5 |  5.3
Dodging        | 4 |  4.8
Throwing       | 1 |  1.0
Stealth        | |  1.8

Action                   |  1- 3 |  4- 6 |  7- 9 || total
-------------------------+-------+-------+-------++-------
Melee: Mace              |    75 |   121 |       ||   196
       Headbutt          |    13 |    19 |    28 ||    60
       Flail             |       |    14 |   150 ||   164
       Punch             |       |       |     1 ||     1
Throw: Dart              |     5 |     6 |       ||    11
  Use: Scroll            |       |       |     9 ||     9
       Potion            |       |       |     1 ||     1
Armor: Scale mail        |    31 |    48 |    34 ||   113
Dodge: Dodged            |    50 |    61 |    54 ||   165

Table legend: (Time is in decaauts)
 A = Elapsed time spent in this place.
 B = Non-inter-level travel time spent in this place.
 C = Inter-level travel time spent in this place.
 D = Time resting spent in this place.
 E = Time spent auto-exploring this place.
 F = Levels seen in this place.
 G = Mean time per level.
                   A        B        C        D        E       F      G
               +--------+--------+--------+--------+--------+-----+--------+
         Total |   5040 |   4875 |    165 |    958 |   2992 |   6 |  840.0 |
       Dungeon |   5040 |   4875 |    165 |    958 |   2992 |   6 |  840.0 |
               +--------+--------+--------+--------+--------+-----+--------+

Top non-repeatable levels by time:
     D:3: 1670 daAuts
     D:6: 871 daAuts
     D:4: 765 daAuts
     D:1: 731 daAuts
     D:2: 725 daAuts
     D:5: 276 daAuts
